AoeStats
← juanda_mantilla

Nomad

510639472Analyzed
3v3 RM · 8h ago on Oct 1, 2026· 43m 1s· 6 players
Game mode
Random Map
Map size
210×210
Population
200
Speed
Normal
Resources
Standard
Victory
Conquest
Starting age
Dark Age
Ending age
Imperial Age
RankedLock teamsTeams togetherTeam positionsShared explorationLock speedFull tech treeHidden civsTurbo modeCheats
Victory
Defeat
🇳🇿 Italians · New Zealand
998
+12
🇨🇴 Spanish · Colombia
984
+12
🇹🇷 Cumans · Türkiye
810
+19
🇨🇴 Huns · Colombia
914
-41
🇬🇧 Japanese · United Kingdom
907
-15
🇺🇸 Inca · United States
870
-13
PFTBaller
3:34 Loom
14:15 Feudal Age
15:09 Fishing Lines
15:39 Arson
17:13 Champi Runner
20:31 Scale Mail Armor
23:30 Forging
24:56 Horse Collar
27:50 Castle Age
29:27 Wheelbarrow
29:21 Squires
28:42 Pikeman
28:45 Champi Warrior
31:12 Chain Mail Armor
34:31 Iron Casting
34:14 Thumb Ring
35:07 Treadmill Crane
35:45 Elite Skirmisher
42:53 Imperial Age
42:58 Fletching
43:41 Ballistics
juanda_mantilla
16:19 Loom
19:21 Feudal Age
19:25 Man-at-Arms
21:43 Wheelbarrow
21:17 Double-Bit Axe
21:59 Gold Mining
23:19 Bloodlines
25:36 Fletching
27:52 Forging
28:23 Padded Archer Armor
30:31 Horse Collar
36:22 Castle Age
38:25 Light Cavalry
40:27 Husbandry
Matkins
6:29 Loom
15:58 Feudal Age
16:42 Man-at-Arms
18:52 Scale Mail Armor
19:03 Forging
19:36 Stone Mining
19:39 Gold Mining
22:15 Fletching
27:14 Castle Age
27:29 Horse Collar
28:51 Wheelbarrow
27:40 Long Swordsman
27:53 Elite Skirmisher
30:00 Chain Mail Armor
35:44 Hand Cart
35:16 Town Watch
38:21 Pikeman
Börü 𐰋𐰇𐰼𐰇
3:39 Loom
15:35 Feudal Age
18:20 Wheelbarrow
21:13 Fletching
23:30 Padded Archer Armor
30:42 Stone Mining
33:09 Gold Mining
33:17 Double-Bit Axe
35:45 Scale Barding Armor
39:13 Castle Age
39:29 Bloodlines
39:43 Forging
MediocreSiegeBreaker
15:26 Feudal Age
16:30 Double-Bit Axe
23:29 Castle Age
21:38 Horse Collar
22:39 Fletching
23:28 Stone Mining
23:57 Padded Archer Armor
24:31 Heavy Plow
24:45 Bow Saw
25:07 Bodkin Arrow
27:31 Crossbowman
28:10 Loom
31:51 Thumb Ring
33:22 Wheelbarrow
32:46 Gold Mining
33:45 Town Watch
34:38 Leather Archer Armor
40:38 Imperial Age
38:44 Ballistics
39:07 Hand Cart
42:41 Chemistry
41:44 Bracer
42:15 Ring Archer Armor
41:24 Arbalester
juansrv
6:14 Loom
15:09 Feudal Age
16:03 Double-Bit Axe
18:40 Wheelbarrow
22:45 Castle Age
26:29 Gold Mining
28:42 Horse Collar
29:50 Scale Barding Armor
30:42 Padded Archer Armor
30:36 Fletching
32:48 Heavy Plow
33:37 Bow Saw
33:47 Bloodlines
34:33 Husbandry
35:38 Forging
35:59 Chain Barding Armor
37:15 Bodkin Arrow
42:24 Hand Cart
44:49 Imperial Age
42:26 Padded Archer Armor
Connection lost

Rejoining the realm…

Still unreachable

The connection could not be restored.

Session expired

The server has moved on; the page needs a fresh start.